 Dungeon Crawl Stone Soup version 0.23.2-11-gf996548c65 (webtiles) character file.

Game seed: 5106439740699387513

2055 HASTUR3 the Covert (level 9, -4/49 (53) HPs)
             Began as an Octopode Transmuter on June 5, 2019.
             Slain by a hound (5 damage)
             ... on level 5 of the Dungeon.
             The game lasted 00:27:16 (5682 turns).

HASTUR3 the Covert (Octopode Transmuter)            Turns: 5682, Time: 00:27:19

HP:   -4/49 (53)    AC:  1    Str: 12    XL:     9   Next: 25%
MP:   11/13         EV: 13    Int: 16    God:
Gold: 300           SH:  0    Dex: 12    Spells: 6/14 levels left

rFire    . . .     SeeInvis .     - Unarmed
rCold    . . .     Gourm    .   (no shield)
rNeg     . . .     Faith    .   (helmet restricted)
rPois    .         Spirit   .   (no amulet)
rElec    .         Reflect  .   (no ring)
rCorr    .         Harm     .   (no ring)
MR       .....                  (no ring)
Stlth    +++++.....             (no ring)
HPRegen  0.16/turn              (no ring)
MPRegen  0.13/turn              (no ring)
                                (no ring)
                                (no ring)

@: no status effects
A: almost no armour, stealthy swim, amphibious, 8 rings, constrict 8, tentacle
spike 1, camouflage 1, blurry vision 1, screaming 1, gelatinous body 1, no
potion heal 1
a: no special abilities


You were on level 5 of the Dungeon.
You were hungry.

You visited 1 branch of the dungeon, and saw 5 of its levels.

You collected 300 gold pieces.

Inventory:

Missiles
 a - 212 arrows
Jewellery
 o - a +2 amulet of reflection {unknown}
Wands
 k - a wand of flame (17)
 p - a wand of polymorph (3)
 q - a wand of digging (3)
Scrolls
 b - 2 scrolls of noise
 d - a scroll of remove curse
 e - 6 scrolls of identify
 f - a scroll of teleportation
 g - a scroll of fog
 h - a scroll of enchant armour
 i - 2 scrolls of enchant weapon {unknown}
 j - a scroll of blinking {unknown}
 l - a scroll of random uselessness {unknown}
 n - a scroll of immolation {unknown}
 r - a scroll of amnesia
Potions
 s - a potion of brilliance
Comestibles
 c - 9 rations
 m - 14 chunks of flesh


   Skills:
 - Level 1.0 Fighting
 - Level 2.0 Dodging
 - Level 10.6 Stealth
 - Level 3.0 Unarmed Combat
 - Level 3.0 Spellcasting
 + Level 9.0 Transmutations


You had 6 spell levels left.
You knew the following spells:

 Your Spells              Type           Power        Failure   Level  Hunger
a - Beastly Appendage     Tmut           ####..       1%          1    #......
b - Sticks to Snakes      Tmut           ####....     1%          2    ##.....
c - Blade Hands           Tmut           ####......   13%         5    ######.

Your spell library contained the following spells:

 Spells                   Type           Power        Failure   Level  Hunger
 Spider Form              Tmut/Pois      ###.......   9%          3    ###....
 Ice Form                 Ice/Tmut       ###.....     28%         4    #####..


Dungeon Overview and Level Annotations

Branches:
Dungeon (5/15)
 Temple: D:4-7

Altars:
Ru

Annotations:
D:5 Prince Ribbit


Innate Abilities, Weirdness & Mutations

You cannot wear most types of armour.
You are very stealthy in the water. (Stealth+)
You are amphibious.
You can wear up to eight rings at the same time.
You can use your tentacles to constrict eight enemies at once.
Your skin changes colour to match your surroundings (Stealth+).
Your rubbery body absorbs attacks. (AC +1, EV +1)
One of your tentacles bears a spike.
Scrolls take you a little longer to read.
You occasionally shout uncontrollably at your foes.
Potions are less effective at restoring your health.


Message History

You constrict the elf skeleton. You constrict the hound. The hound misses you.
The elf skeleton hits you.
* * * LOW HITPOINT WARNING * * *
You barely miss the hound.
The hound is moderately wounded.
You constrict the elf skeleton.
You constrict the hound, but do no damage.
The hound bites you.
* * * LOW HITPOINT WARNING * * *
The elf skeleton hits you but does no damage.
The hound barely misses you.
Really quaff the potion of mutation?
You feel extremely strange.
You feel robust.
Your thinking seems confused.
You feel clumsy.
You feel the urge to shout.
Your system partially rejects the healing effects of potions.
Your vision blurs.
One of your lower tentacles grows a sharp spike.
You constrict the elf skeleton. You constrict the hound. The hound bites you.
You die...

#..........#
##....(..##.#
.h..........#
#######'#....# ##
#.# #$####.... ..
#'#+#+#.###########
#.'..$'.#...# #..
###...#####.# #>#
#Z@h..+ #.# #.#
#+#+#+# #.# #.# #.#
#.# #.# #.# #.# #.#
#.# #.# #.#####.#
#........ #######.#


You could see a hound and an elf skeleton.

Vanquished Creatures
  Pikel (D:4)
  Duvessa (D:5)
  An orc warrior (D:5)
  A necrophage (D:5)
  3 slaves (D:4)
  2 ogres (D:4)
  An elf zombie (D:5)
  An elf skeleton (D:5)
  Dowan (D:5)
  6 scorpions
  2 crimson imps
  A hound (D:5)
  4 orc wizards
  5 orc priests
  Natasha (thrice) (D:3)
  Ijyb (D:3)
  3 worker ants (D:4)
  A hound zombie (D:5)
  A gnoll (D:1)
  5 adders
  2 oozes (D:3)
  A worm (D:2)
  2 dart slugs
  2 leopard geckos
  15 orcs
  7 bats
  5 giant cockroaches
  5 goblins
  6 hobgoblins
  2 jackals (D:2)
  A quokka (D:3)
  2 ball pythons
  7 frilled lizards
  10 kobolds
  An orc skeleton (D:5)
  8 rats
120 creatures vanquished.

Vanquished Creatures (others)
  A scorpion (D:4)
  A bullfrog skeleton (D:4)
  An orc wizard (D:4)
3 creatures vanquished.

Grand Total: 123 creatures vanquished

Notes
Turn   | Place    | Note
-------+----------+-------------------------------------------
     0 | D:1      | HASTUR3 the Octopode Transmuter began the quest for the
                  | Orb.
     0 | D:1      | Reached XP level 1. HP: 13/13 MP: 3/3
     2 | D:1      | Noticed a troll
     2 | D:1      | Noticed a halfling
     4 | D:1      | Noticed a felid
     4 | D:1      | Noticed a minotaur
     6 | D:1      | Noticed a dwarf
     8 | D:1      | Noticed a vine stalker
    10 | D:1      | Noticed an ogre
    10 | D:1      | Noticed an elf
    12 | D:1      | Noticed a draconian
    14 | D:1      | Noticed a centaur
    14 | D:1      | Noticed a formicid
    16 | D:1      | Noticed a tengu
    18 | D:1      | Noticed a gargoyle
    18 | D:1      | Noticed a demigod
    20 | D:1      | Noticed a human
    20 | D:1      | Noticed a demonspawn
    22 | D:1      | Noticed a vampire
    22 | D:1      | Noticed a naga
    24 | D:1      | Noticed a ghoul
    24 | D:1      | Noticed a spriggan
    26 | D:1      | Noticed an octopode
    26 | D:1      | Noticed a merfolk
   179 | D:1      | Reached XP level 2. HP: 18/18 MP: 5/5
   220 | D:1      | Reached skill level 1 in Stealth
   392 | D:1      | Reached XP level 3. HP: 20/23 MP: 7/7
   810 | D:2      | Reached skill level 2 in Stealth
   965 | D:2      | Reached XP level 4. HP: 22/28 MP: 8/8
  1362 | D:3      | Noticed Ijyb
  1368 | D:3      | Reached skill level 3 in Stealth
  1393 | D:3      | Killed Ijyb
  1440 | D:3      | Noticed Natasha
  1449 | D:3      | Killed Natasha
  1449 | D:3      | Reached XP level 5. HP: 33/33 MP: 9/9
  1492 | D:3      | Found a sacrificial altar of Ru.
  1642 | D:3      | Noticed Natasha
  1648 | D:3      | Killed Natasha
  1730 | D:3      | Learned a level 2 spell: Sticks to Snakes
  1736 | D:3      | Learned a level 5 spell: Blade Hands
  1944 | D:3      | Gained mutation: You are frail. (-10% HP) [potion of
                  | mutation]
  1944 | D:3      | Gained mutation: You are agile. (Dex +2) [potion of
                  | mutation]
  1944 | D:3      | Gained mutation: You possess an exceptional clarity of
                  | mind. [potion of mutation]
  2044 | D:3      | Noticed Natasha
  2068 | D:3      | Killed Natasha
  2068 | D:3      | Reached skill level 5 in Transmutations
  2068 | D:3      | Reached XP level 6. HP: 18/34 MP: 10/10
  2426 | D:4      | Noticed a slave
  2427 | D:4      | Noticed a slave
  2430 | D:4      | Noticed Pikel
  2437 | D:4      | Noticed a slave
  2439 | D:4      | Noticed a slave
  3007 | D:4      | Reached skill level 4 in Stealth
  3048 | D:4      | Reached XP level 7. HP: 32/38 MP: 5/11
  3069 | D:4      | Killed Pikel
  3069 | D:4      | Reached skill level 7 in Stealth
  3069 | D:4      | Reached XP level 8. HP: 13/43 MP: 7/12
  4281 | D:4      | Reached skill level 8 in Stealth
  4955 | D:5      | Entered Level 5 of the Dungeon
  5224 | D:5      | Noticed Dowan
  5232 | D:5      | Noticed Duvessa
  5235 | D:5      | Killed Dowan
  5235 | D:5      | Reached skill level 9 in Stealth
  5239 | D:5      | Killed Duvessa
  5513 | D:5      | Reached skill level 10 in Stealth
  5513 | D:5      | Reached XP level 9. HP: 41/47 MP: 1/13
  5562 | D:5      | Noticed Prince Ribbit
  5681 | D:5      | HP: 1/43 [hound (4)]
  5682 | D:5      | Lost mutation: You are frail. (-10% HP) [potion of
                  | mutation]
  5682 | D:5      | Lost mutation: You possess an exceptional clarity of mind.
                  | [potion of mutation]
  5682 | D:5      | Lost mutation: You are agile. (Dex +2) [potion of mutation]
  5682 | D:5      | Gained mutation: You occasionally shout uncontrollably at
                  | your foes. [potion of mutation]
  5682 | D:5      | Gained mutation: Potions are less effective at restoring
                  | your health. [potion of mutation]
  5682 | D:5      | Gained mutation: Scrolls take you a little longer to read.
                  | [potion of mutation]
  5682 | D:5      | Gained mutation: One of your tentacles bears a spike.
                  | [potion of mutation]
  5682 | D:5      | Slain by a hound

Skill      XL: |  1  2  3  4  5  6  7  8  9 |
---------------+----------------------------+-----
Stealth        | 1 2 3 4 7 10 | 10.6
Spellcasting   | 3 |  3.0
Transmutations | 3 5 6 8 9 |  9.0
Fighting       | |  1.0
Dodging        | |  2.0
Unarmed Combat | |  3.0

Action                   |  1- 3 |  4- 6 |  7- 9 || total
-------------------------+-------+-------+-------++-------
Melee: Unarmed           |    62 |   143 |   136 ||   341
       Constrict         |    22 |    32 |    25 ||    79
       Tentacles         |    11 |    28 |    22 ||    61
       Kick              |     9 |     4 |     6 ||    19
       Punch             |       |     3 |     3 ||     6
 Cast: Beastly Appendage |     9 |     4 |     2 ||    15
       Blade Hands       |       |     2 |    10 ||    12
  Use: Scroll            |       |     8 |       ||     8
       Potion            |       |    10 |     3 ||    13
 Stab: Sleeping          |     9 |     8 |     6 ||    23
       Paralysed         |       |     1 |       ||     1
  Eat: Chunk             |       |     8 |    12 ||    20
Armor: Skin              |     3 |     4 |     4 ||    11
Dodge: Dodged            |    30 |    90 |    62 ||   182
